 Dungeon Crawl Stone Soup version 0.25-a0-834-g55863b0b92 (webtiles) character file.

Game seed: 16625945142048706001, levelgen mode: deterministic

38 Error4North the Skirmisher (level 3, 0/33 HPs)
             Began as a Hill Orc Fighter on Apr 22, 2020.
             Succumbed to an adder's poison
             ... on level 2 of the Dungeon.
             The game lasted 00:02:06 (676 turns).

Error4North the Skirmisher (Hill Orc Fighter)        Turns: 676, Time: 00:02:06

Health: 0/33       AC:  6    Str: 19    XL:     3   Next: 43%
Magic:  3/3        EV:  7    Int:  8    God:
Gold:   40         SH:  9    Dex: 10    Spells: 2/2 levels left

rFire    . . .     SeeInvis .   a - +0 war axe
rCold    . . .     Gourm    .   c - +0 kite shield
rNeg     . . .     Faith    .   b - +0 scale mail
rPois    .         Spirit   .   (no helmet)
rElec    .         Reflect  .   (no cloak)
rCorr    .         Harm     .   (no gloves)
MR       .....                  (no boots)
Stlth    ..........             (no amulet)
HPRegen  0.11/turn              (no ring)
MPRegen  0.08/turn              (no ring)

@: lethally poisoned (0 -> -3), very slightly contaminated, invisible
A: no striking features
a: no special abilities


You were on level 2 of the Dungeon.
You were not hungry.

You visited 1 branch of the dungeon, and saw 2 of its levels.

You collected 40 gold pieces.

Inventory:

Hand Weapons
 a - a +0 war axe (weapon)
Armour
 b - a +0 scale mail (worn)
 c - a +0 kite shield (worn)
Jewellery
 i - an uncursed ring of protection from fire {unknown}
Scrolls
 h - a scroll of teleportation {unknown}
Potions
 d - a potion of might
 e - a potion of invisibility
Comestibles
 f - 3 rations
 g - 4 chunks of flesh


   Skills:
 * Level 4.1 Fighting
 + Level 3.3 Axes
 * Level 3.6 Armour
 + Level 0.1 Dodging
 * Level 3.8 Shields


You had 2 spell levels left.
You didn't know any spells.
Your spell library was empty.

Dungeon Overview and Level Annotations

Branches:
Dungeon (2/15)

Altars:


Message History

The adder poisons you!
Your scale mail prevents you from hitting the adder.
The adder is heavily wounded.
The adder bites you.
* * * LOW HITPOINT WARNING * * *
You block the adder's attack.
You slash the adder!
You kill the adder!
* * * LOW HITPOINT WARNING * * *
You feel sick.
Found an ivory ring.
It was a potion of invisibility.
You fade into invisibility!
* * * LOW HITPOINT WARNING * * *
You feel sick.
You are very lightly contaminated with residual magic.
* * * LOW HITPOINT WARNING * * *
You feel sick.
A rat comes into view.
You die...

##### #...# ##########
#... ......... ...# #.#
#?..#### # #.#.##.#
#......#####.#
##.##.#.####..##.#...r.
.........)..........##
##.#..#..............#.#
.#.#.##..###.#.#@.......
.....##..##.###.$......#
##<#.##..### #..........
###.##..# ........!..#
#.##..# #...........#
#.##..# ##...##..=###
#...# #### #!..


You could see a rat (wandering).

Vanquished Creatures
  2 adders (D:2)
  A dart slug (D:1)
  A giant cockroach (D:2)
  A goblin (D:1)
  A hobgoblin (D:1)
  2 jackals (D:1)
  3 kobolds
  4 bats (D:1)
  A frilled lizard (D:1)
  4 rats
20 creatures vanquished.

Notes
Turn   | Place    | Note
-------+----------+-------------------------------------------
     0 | D:1      | Error4North the Hill Orc Fighter began the quest for the
                  | Orb.
     0 | D:1      | Reached XP level 1. HP: 19/19 MP: 1/1
   194 | D:1      | Reached XP level 2. HP: 25/27 MP: 2/2
   642 | D:2      | Upgraded the game from 0.25-a0-829-g4e6a552925 to
                  | 0.25-a0-834-g55863b0b92
   647 | D:2      | Reached skill level 4 in Fighting
   660 | D:2      | Reached XP level 3. HP: 12/33 MP: 3/3
   673 | D:2      | HP: 1/33 [poisoned by an adder]
   676 | D:2      | Succumbed to an adder's poison

Levels and vault maps discovered:
D:1:      dpeg_arrival_radiant, layout_loops_ring, minmay_stone_trees_small
D:2:      layout_loops_ring, first_ration, feat_on_display

Skill      XL: |  1  2 |
---------------+-------+-----
Axes           | 3 |  3.3
Fighting       | 4 |  4.1
Armour         | |  3.6
Dodging        | |  0.1
Shields        | |  3.8

Action                   || total
-------------------------++-------
Melee: War axe           ||    57
  Use: Potion            ||     1
Armor: Scale mail        ||    28
Dodge: Dodged            ||    24
Block: Kite shield       ||    35

Table legend:
 A = Non-vault XP
 B = Vault XP
 C = Vault XP percentage of total XP
 D = Non-vault monster count
 E = Vault monster count
 F = Vault count percentage of total count
                 A         B        C        D         E       F
            +---------+---------+-------+---------+---------+-------
      Total |      55 |       0 |   0.0 |      20 |       0 |   0.0
            +---------+---------+-------+---------+---------+-------
        D:1 |      22 |       0 |   0.0 |      13 |       0 |   0.0
        D:2 |      33 |       0 |   0.0 |       7 |       0 |   0.0
            +---------+---------+-------+---------+---------+-------
